 Dungeon Crawl Stone Soup version 0.19.5 (webtiles) character file.

12862 Scud the Carver (level 11, -6/99 HPs)
             Began as a Minotaur Fighter on Mar 15, 2017.
             Was an Elder of Qazlal.
             Hit by a large rock thrown by a cyclops (27 damage)
             ... on level 2 of the Orcish Mines.
             The game lasted 00:53:26 (9430 turns).

Scud the Carver (Minotaur Fighter)                  Turns: 9430, Time: 00:53:26

Health: -6/99      AC: 15    Str: 32 (33) XL:     11   Next: 68%
Magic:  10/10      EV: 11    Int:  5      God:    Qazlal [****..]
Gold:   696        SH: 19    Dex:  8 (9)  Spells: 0 memorised, 10 levels left

rFire  . . .     SeeInvis .     z - +6 scimitar
rCold  . . .     Gourm    .     p - +0 chain mail
rNeg   . . .     Faith    +     c - +0 shield
rPois  .         Spirit   .     (helmet restricted)
rElec  .         Reflect  .     (no cloak)
rCorr  .         Harm     .     i - +2 pair of gloves
MR     .....                    (no boots)
Stlth  ..........               C - amulet of faith
                                s - +6 ring of strength
                                I - ring of loudness (curse)

@: slowed, repel missiles, very slow
A: retaliatory headbutt, horns 2, deterioration 1, strong 1, sturdy frame 1
a: Upheaval, Elemental Force, Renounce Religion


You were on level 2 of the Orcish Mines.
You worshipped Qazlal.
Qazlal was greatly pleased with you.
You were not hungry.

You visited 2 branches of the dungeon, and saw 11 of its levels.

You collected 696 gold pieces.

Inventory:

Hand Weapons
 z - a +6 scimitar (weapon)
 J - a +3 scimitar of flaming
Armour
 c - a +0 shield (worn)
 i - a +2 pair of gloves (worn)
 p - a +0 chain mail (worn)
Jewellery
 s - a +6 ring of strength (right hand)
 t - an uncursed ring of resist corrosion
 C - an amulet of faith (around neck)
 I - a cursed ring of loudness (left hand)
Wands
 a - a wand of acid (4/15)
 u - a wand of enslavement (8/24)
 E - a wand of slowing (16/48)
 H - a wand of iceblast (9/15)
Scrolls
 e - a scroll of fog
 j - 3 scrolls of teleportation
 m - 10 scrolls of identify
 n - 4 scrolls of remove curse
 r - a scroll of fear
 B - a scroll of magic mapping
 F - a scroll of amnesia
Potions
 v - a potion of lignification
 w - a potion of haste {unknown}
Books
 d - a book of Changes

   Spells                             Type                      Level
   a - Beastly Appendage              Transmutation                1
   b - Sticks to Snakes               Transmutation                2
   c - Spider Form                    Transmutation/Poison         3
   d - Ice Form                       Ice/Transmutation            4
   e - Blade Hands                    Transmutation                5
 g - a book of Battle

   Spells                             Type                      Level
   a - Infusion                       Charms                       1
   b - Shroud of Golubria             Charms/Translocation         2
   c - Song of Slaying                Charms                       2
   d - Spectral Weapon                Hexes/Charms                 3
   e - Regeneration                   Charms/Necromancy            3
 k - a book of Maledictions

   Spells                             Type                      Level
   a - Corona                         Hexes                        1
   b - Ensorcelled Hibernation        Hexes/Ice                    2
   c - Confuse                        Hexes                        3
   d - Tukima's Dance                 Hexes                        3
   e - Dazzling Spray                 Conjuration/Hexes            3
Comestibles
 f - 8 bread rations
 h - 5 meat rations
 l - a royal jelly
 q - 3 fruits
 x - 2 slices of pizza
 D - 6 beef jerkies


   Skills:
 + Level 10.1 Fighting
 + Level 12.8 Long Blades
 + Level 10.5 Armour
 + Level 6.5 Dodging
 + Level 12.1 Shields


You had 10 spell levels left.
You didn't know any spells.

Dungeon Overview and Level Annotations

Branches:
Dungeon (9/15)             Temple (0/1) D:6            Lair (0/6) D:8
    Orc (2/2) D:9             Elf (0/3) Orc:2

Altars:
Cheibriados
Dithmenos
Makhleb
Okawaru
Qazlal
Ru
Trog
Vehumet
Zin
The Shining One
Beogh

Shops:
D:4 ((


Innate Abilities, Weirdness & Mutations

You reflexively headbutt those who attack you in melee.
You have a pair of horns on your head.
Your body sometimes deteriorates upon taking damage.
Your muscles are strong. (Str +2)
Your movements are slightly less encumbered by armour. (ER -2)


Message History

Items here: ( )) [ †† You block the cyclops's attack.
You slash the cyclops! You headbutt the cyclops!
The cyclops is moderately wounded.
You block the cyclops's attack.
You hit the cyclops. You headbutt the cyclops!
The cyclops is severely wounded.
The orc priest begins to cast a cantrip, but forgets the words!
You block the cyclops's attack. You block the orc's attack.
The orc priest mumbles some strange prayers to Beogh against you.
Beogh smites you!
* * * LOW HITPOINT WARNING * * *
Your body deteriorates!
You feel weakened. The orc hits you but does no damage.
Items here: ( )) [ †† The orc priest mumbles some strange prayers to Beogh against you.
Pain shoots through your body!
* * * LOW HITPOINT WARNING * * *
The cyclops throws a large rock.
The large rock hits you!!
You die...

##.....#####
##..[.#.##
####......#
##.#o......##
#.....[....>#
####.....##....#
##.#.§o.C.#
.....#
#....§.(§##
.$....
##$....@§##
......
###..§<§.#
......
#..)[).#....###
##...<......
##(........
####....## ....#
...... .#..$.


You could see a cyclops, an orc priest and an orc.

Vanquished Creatures
  A stone giant (Orc:1)
  A centaur warrior (D:9)
  Erica (Orc:1)
  The ghost of Lizzreth the Fighter, a novice VSFi of Dithmenos (D:9)
  2 orc knights
  An ugly thing (D:8)
  A cyclops (D:8)
  A deep elf mage (D:8)
  A gargoyle (D:9)
  The ghost of Paps the Covered, a novice GrFi of Okawaru (D:5)
  Grinder (D:4)
  2 trolls
  3 hippogriffs
  Sigmund (D:6)
  A vampire mosquito (D:8)
  Menkaure (D:6)
  A water moccasin (D:9)
  3 wargs
  6 orc warriors
  2 ice beasts
  2 sky beasts
  A black bear (D:9)
  An eye of draining (D:9)
  A phantom (D:7)
  A necrophage (D:8)
  7 ogres
  A centaur (D:7)
  2 big kobolds (D:8)
  4 bullfrogs
  4 scorpions
  16 killer bees
  9 wights (D:8)
  2 howler monkeys
  2 electric eels (D:8)
  5 crimson imps
  2 centaur zombies
  3 jellies
  11 orc priests
  A gnoll shaman (D:6)
  A hound (D:8)
  17 orc wizards
  3 centaur skeletons
  2 iguanas
  Terence (D:3)
  7 worker ants
  2 worker ant zombies
  5 gnolls (D:6)
  9 adders
  2 shadow imps (D:5)
  2 oozes
  2 adder skeletons
  2 worms
  4 dart slugs
  11 leopard geckos
  36 orcs
  4 ball pythons
  7 bats
  A giant cockroach (D:3)
  8 goblins
  8 hobgoblins
  3 jackals (D:1)
  5 quokkas
  6 frilled lizards
  2 jackal skeletons
  A jackal zombie (D:4)
  16 kobolds
  5 rats
  2 plants (D:8)
281 creatures vanquished.

Vanquished Creatures (others)
  26 plants (D:8)
26 creatures vanquished.

Grand Total: 307 creatures vanquished

Notes
Turn   | Place    | Note
-------+----------+-------------------------------------------
     0 | D:1      | Scud the Minotaur Fighter began the quest for the Orb.
     0 | D:1      | Reached XP level 1. HP: 19/19 MP: 0/0
   153 | D:1      | Reached XP level 2. HP: 25/27 MP: 1/1
   561 | D:1      | Reached XP level 3. HP: 33/33 MP: 2/2
  1008 | D:2      | Found a glowing golden altar of the Shining One.
  1008 | D:2      | Found a bloodstained altar of Trog.
  1198 | D:2      | Reached XP level 4. HP: 39/40 MP: 3/3
  1406 | D:2      | Reached skill level 5 in Dodging
  1406 | D:2      | Reached XP level 5. HP: 52/52 MP: 4/4
  1570 | D:3      | Found a radiant altar of Vehumet.
  1833 | D:3      | Found a faded altar of an unknown god.
  1836 | D:3      | Noticed Terence
  1851 | D:3      | Killed Terence
  2189 | D:3      | Reached XP level 6. HP: 19/60 MP: 5/5
  2429 | D:4      | Found Kudali's Weapon Shoppe.
  2550 | D:4      | Found a stormy altar of Qazlal.
  2551 | D:4      | Noticed a water elemental
  2553 | D:4      | Noticed an air elemental
  2553 | D:4      | Noticed a fire elemental
  2559 | D:4      | Became a worshipper of Qazlal Stormbringer
  2589 | D:4      | Noticed Grinder
  2589 | D:4      | Paralysed by Grinder for 2 turns
  2600 | D:4      | Killed Grinder
  2600 | D:4      | Reached XP level 7. HP: 46/66 MP: 6/6
  2878 | D:4      | Found Fagruot's Weapon Shop.
  2913 | D:5      | Entered Level 5 of the Dungeon
  3131 | D:5      | Found an iron altar of Okawaru.
  3458 | D:5      | Noticed Paps's ghost (novice GrFi)
  3488 | D:5      | Killed Paps's ghost
  3488 | D:5      | Reached XP level 8. HP: 56/74 MP: 7/7
  3811 | D:6      | Noticed Sigmund
  3823 | D:6      | Killed Sigmund
  3939 | D:6      | Reached * piety under Qazlal
  3960 | D:6      | Noticed Menkaure
  3967 | D:6      | Killed Menkaure
  4156 | D:6      | Found a staircase to the Ecumenical Temple.
  4218 | D:6      | Gained mutation: Your movements are slightly less encumbered by armour. (ER -2) [potion of mutation]
  4571 | D:6      | Reached XP level 9. HP: 82/82 MP: 8/8
  4661 | D:6      | Found a faded altar of an unknown god.
  4661 | D:6      | Found a faded altar of an unknown god.
  4666 | D:6      | Found a faded altar of an unknown god.
  4668 | D:6      | Found a faded altar of an unknown god.
  4671 | D:6      | Found a sacrificial altar of Ru.
  4739 | D:6      | Found a burning altar of Makhleb.
  4739 | D:6      | Noticed an Executioner
  4743 | D:6      | Noticed a hellwing
  4916 | D:7      | Reached skill level 10 in Long Blades
  5038 | D:7      | Got a steaming zirconium amulet
  5041 | D:7      | Identified the amulet "Kasm" {Gourm rF+ Stlth+} (You found it on level 7 of the Dungeon)
  5152 | D:7      | Gained mutation: Your muscles are strong. (Str +2) [mutagenic meat]
  5153 | D:7      | Gained mutation: Your body sometimes deteriorates upon taking damage. [mutagenic meat]
  5223 | D:8      | Reached ** piety under Qazlal
  5393 | D:8      | Found a snail-covered altar of Cheibriados.
  5700 | D:8      | Noticed a purple ugly thing
  5710 | D:8      | Noticed a deep elf mage
  5714 | D:8      | Killed a purple ugly thing
  5716 | D:8      | Killed a deep elf mage
  5716 | D:8      | Reached XP level 10. HP: 22/90 MP: 9/9
  5892 | D:8      | Noticed a cyclops
  5901 | D:8      | Killed a cyclops
  5901 | D:8      | Reached skill level 10 in Shields
  6224 | D:8      | Reached *** piety under Qazlal
  6439 | D:8      | Found a staircase to the Lair.
  6512 | D:8      | Found a glowing silver altar of Zin.
  6864 | D:9      | Found Silemn's Armour Boutique.
  6869 | D:9      | Noticed a centaur warrior
  6879 | D:9      | Killed a centaur warrior
  6902 | D:9      | Noticed a gargoyle
  6903 | D:9      | Noticed Lizzreth's ghost (novice VSFi)
  6911 | D:9      | Killed Lizzreth's ghost
  6925 | D:9      | Killed a gargoyle
  6927 | D:9      | Reached XP level 11. HP: 23/97 MP: 10/10
  7437 | D:9      | Got a scorched steel ring
  7446 | D:9      | Identified the ring of Qiler {Wiz rPois rF+ Str-4} (You found it on level 9 of the Dungeon)
  7458 | D:9      | Found a shadowy altar of Dithmenos.
  7566 | D:9      | Reached **** piety under Qazlal
  7972 | D:9      | Found a staircase to the Orcish Mines.
  8087 | Orc:1    | Entered Level 1 of the Orcish Mines
  8097 | Orc:1    | Noticed Erica
  8106 | Orc:1    | Noticed a stone giant
  8109 | Orc:1    | Killed Erica
  8123 | Orc:1    | Killed a stone giant
  8123 | Orc:1    | Reached skill level 10 in Armour
  8626 | Orc:1    | Found a roughly hewn altar of Beogh.
  8775 | Orc:2    | Entered Level 2 of the Orcish Mines
  8790 | Orc:2    | Noticed an orc knight
  8801 | Orc:1    | Killed an orc knight
  8996 | Orc:1    | Reached skill level 10 in Fighting
  9228 | Orc:2    | Noticed an orc knight
  9239 | Orc:2    | Killed an orc knight
  9245 | Orc:2    | Found a staircase to the Elven Halls.
  9430 | Orc:2    | Hit by a large rock thrown by a cyclops

Skill      XL: |  1  2  3  4  5  6  7  8  9 10 11 |
---------------+----------------------------------+-----
Long Blades    | 3 7 8 9 10 11 12 | 12.8
Shields        | 4 7 8 9 11 12 | 12.1
Armour         | 4 7 8 9 10 | 10.5
Fighting       | 4 7 8 9 10 | 10.1
Dodging        | 5 6 |  6.5

Action                   |  1- 3 |  4- 6 |  7- 9 | 10-12 || total
-------------------------+-------+-------+-------+-------++-------
Melee: Long sword        |    93 |   104 |   292 |    52 ||   541
       Headbutt          |    13 |    16 |    66 |    70 ||   165
       Falchion          |       |    14 |       |       ||    14
       Scimitar          |       |       |       |   235 ||   235
  Use: Scroll            |     6 |     2 |     2 |     9 ||    19
       Potion            |       |     5 |     8 |     1 ||    14
  Eat: Chunk             |     1 |     5 |     7 |    10 ||    23
       Beef jerky        |       |       |     4 |       ||     4
       Bread ration      |       |       |       |     1 ||     1
Armor: Scale mail        |    46 |    23 |       |       ||    69
       Chain mail        |       |    33 |    97 |    75 ||   205
Dodge: Dodged            |    40 |    32 |    92 |    88 ||   252
       Deflected         |       |       |       |     3 ||     3
Block: Shield            |    64 |    67 |   179 |   250 ||   560
       Rpst.: Long sword |    10 |     5 |    21 |     2 ||    38
       Falchion          |       |     2 |       |       ||     2
       Scimitar          |       |       |       |    13 ||    13
